[Event "*** Titled Tuesday Blitz"]
[Site "Chess.com"]
[Date "2020.02.04"]
[Round "5"]
[White "KerryStead"]
[Black "AnnaChessLook"]
[Result "1-0"]
[WhiteElo "2091"]
[BlackElo "2234"]
[TimeControl "180+2"]
[EndTime "14:06:28 PST"]
[Termination "KerryStead won by resignation"]

1. d4 Nf6 2. f3 d5 3. e4 dxe4 4. Nc3 c5 5. Bb5+ Bd7 6. dxc5 Nc6 7. Be3 a6 8. Ba4 Qa5 9. a3 O-O-O 10. b4 Qc7 11.
fxe4 Bg4 12. Qc1 Qe5 13. Bxc6 bxc6 14. Nce2 Qxe4 15. Nf3 Nd5 16. Bd2 Bxf3 17. gxf3 Qxf3 18. Rf1 Qh5 19. Rf2 Nf6 20. Ng3 Qe5+ 21. Re2 Qd5 22. Qb2 h5 23. O-O-O h4 24. Nf1 g6 25. Re5 Qg2 26. Ne3 Qxh2 27. Bc3 Rxd1+ 28. Nxd1 Bh6+ 29. Kb1 Qg1 30. Re1 Qg4 31. Bxf6 exf6 32. Qxf6 Rd8 33. Nc3 Qd7 34. Rd1 Qxd1+ 35. Nxd1 Rxd1+ 36. Kb2 Bc1+ 37. Kc3 Kc7 38. Qxf7+ Rd7 39. Qxg6 Bf4 40. Qg4 Bg3 41. a4 Rd5 42. Kc4 Kb7 43. Qg7+ Kc8 44. Qh8+ Kc7 45. b5 axb5+ 46. axb5 Bf2 47. b6+ Kb7 48.
Qg7+ 1-0

[Event "*** Titled Tuesday Blitz"]
[Site "Chess.com"]
[Date "2020.02.04"]
[Round "5"]
[White "vellottiwizard"]
[Black "masterofpuppets2"]
[Result "1-0"]
[WhiteElo "2672"]
[BlackElo "2468"]
[TimeControl "180+2"]
[EndTime "14:06:32 PST"]
[Termination "vellottiwizard won by resignation"]

1. Nf3 d5 2. g3 Nd7 3. Bg2 e5 4. d3 Ngf6 5. O-O Bd6 6. Nbd2 O-O 7. e4 c6 8. c3 Re8 9. Qc2 a5 10. Rd1 Qc7 11. Nf1 Nc5 12. exd5 cxd5 13. d4 exd4 14. Nxd4 Bd7 15. Ne3 Bc6 16. Nef5 Be5 17. Be3 Nce4 18. f4 Bd6 19. Nxd6 Qxd6 20. Nf5 Qc7 21. Bd4 Bd7 22.
Ne3 Bc6 23. Re1 Rad8 24. Rad1 Qd7 25. c4 Qe6 26. cxd5 Nxd5 27. Nxd5 Bxd5 28. b3 f5 29. Qc7 Rd7 30. Qxa5 Rc8 31. Rc1 Bc6 32. Qe5 Qxe5 33. Bxe5 Rd2 34. Bf1 Rxa2 35. b4 Kh8 36. b5 Bd7 37.
Rxc8+ Bxc8 38. Rc1 Ra8 39. Rc7 Nf6 40. Bc4 b6 41. h3 h6 42. Kf2 Nh5 43. Kf3 Ra3+ 44. Kf2 Ra8 45. Bd5 Rb8 46. Re7 1-0

[Event "*** Titled Tuesday Blitz"]
[Site "Chess.com"]
[Date "2020.02.04"]
[Round "5"]
[White "Sjakkerntobi"]
[Black "MikeSailer"]
[Result "1-0"]
[WhiteElo "2254"]
[BlackElo "2110"]
[TimeControl "180+2"]
[EndTime "14:06:34 PST"]
[Termination "Sjakkerntobi won on time"]

1. e4 d5 2. exd5 Qxd5 3. Nc3 Qd6 4. Nf3 Nf6 5. d4 c6 6. Bc4 Bg4 7. O-O e6 8. Be3 Be7 9. h3 Bh5 10. Re1 O-O 11. Be2 Nbd7 12. Nd2 Bxe2 13. Qxe2 Nb6 14. Nc4 Nxc4 15. Qxc4 Nd5 16. Bd2 Nxc3 17. Bxc3 Bf6 18. Rad1 Qd5 19. Qd3 Qxa2 20. b3 Qa3 21. b4 Qa2 22. d5 Qxd5 23. Qg3 Qf5 24. Rd7 Bxc3 25. Qxc3 Qb5 26. Re5 Qb6 27. Rg5 g6 28. h4 Rad8 29. Re7 Rd1+ 30. Kh2 Qxf2 31. Rg4 Qg1+ 32. Kh3 Qh1+ 33.
Kg3 Qe1+ 34. Qxe1 Rxe1 35. Rxb7 Rc8 36. Rxa7 c5 37. b5 Rb1 38. c4 Kg7 39. Rf4 Rf8 40. Rc7 Rb3+ 41. Kh2 h6 42. Rxc5 f5 43. Rd4 g5 44. h5 Kf6 45. Rd7 g4 46. Rc6 Re8 47. b6 Kg5 48. b7 Kh4 49. g3+ Rxg3 50. Rc8 Rh3+ 51. Kg2 Rg3+ 52. Kf2 Rf3+ 53. Ke2 f4 54. Rxe8 Re3+ 55. Kd2 g3 56. b8=Q 1-0

[Event "*** Titled Tuesday Blitz"]
[Site "Chess.com"]
[Date "2020.02.04"]
[Round "5"]
[White "CM_Perligero"]
[Black "Chesstrainer1"]
[Result "1/2-1/2"]
[WhiteElo "2095"]
[BlackElo "2356"]
[TimeControl "180+2"]
[EndTime "14:06:35 PST"]
[Termination "Game drawn by repetition"]

1. d4 Nf6 2. c4 g6 3. Nf3 Bg7 4. g3 O-O 5. Nc3 c5 6. d5 e6 7. Bg2 exd5 8. cxd5 d6 9. O-O Re8 10. Bg5 h6 11. Bf4 Na6 12. Qd2 g5 13. Nxg5 hxg5 14.
Bxg5 Qd7 15. e4 Nh7 16. Bh6 c4 17. Bxg7 Kxg7 18. f4 f6 19. h3 Nc5 20. Qd4 b5 21. e5 b4 22. e6 Qb7 23. Ne4 Nxe4 24. Qxe4 a5 25. Bf3 Qb6+ 26. Rf2 Ra7 27. Bh5 Rg8 28. Bf7 Rxf7 29. exf7 Rf8 30. Qe8 Bb7 31. Rd1 Qc5 32. Qd7 Rxf7 33. Qg4+ Kh8 34. Re1 Rf8 35. Re7 Rg8 36. Qh4 Rg7 37. Re8+ Rg8 38.
Re7 Rg7 39. Re8+ Rg8 40. Re7 1/2-1/2

[Event "*** Titled Tuesday Blitz"]
[Site "Chess.com"]
[Date "2020.02.04"]
[Round "5"]
[White "SuperCheese"]
[Black "Hrant_ChessMood"]
[Result "0-1"]
[WhiteElo "2689"]
[BlackElo "2901"]
[TimeControl "180+2"]
[EndTime "14:06:38 PST"]
[Termination "Hrant_ChessMood won by checkmate"]

1. d4 Nf6 2. c4 g6 3. Nc3 Bg7 4. e4 d6 5. Bg5 O-O 6. Be2 c5 7. d5 e6 8. Nf3 exd5 9. exd5 Qb6 10. O-O Bf5 11. Nh4 Bd7 12. Qd2 Re8 13. Bd3 Na6 14.
Rae1 Ng4 15. Nf3 Qa5 16. Qf4 Qb6 17. Ne4 Rxe4 18. Rxe4 Bf5 19. Re7 Be5 20. Nxe5 dxe5 21. Qg3 Bxd3 22. Qxd3 h6 23. Qf3 f5 24. Re6 e4 25. Rxb6 exf3 26. Rxb7 hxg5 27. Re1 Nb4 28. Ree7 Nf6 29. Rf7 Re8 30. Rbe7 Nd3 31. Rxe8+ Kxf7 32. Rb8 fxg2 33. Kxg2 Nf4+ 34. Kf1 Ne4 35. b3 Nd3 36. Rb7+ Kf6 37. Rxa7 g4 38. Ra6+ Kf7 39. Rc6 f4 40.
a4 f3 41. a5 Nd2+ 42. Kg1 Nf4 43. Rc7+ Kf6 44. Rh7 Ne2+ 45. Kh1 Ne4 46. h3 Nxf2+ 47. Kh2 g3# 0-1

[Event "*** Titled Tuesday Blitz"]
[Site "Chess.com"]
[Date "2020.02.04"]
[Round "5"]
[White "BeanScreen"]
[Black "Lagmantr"]
[Result "1-0"]
[WhiteElo "2590"]
[BlackElo "2735"]
[TimeControl "180+2"]
[EndTime "14:06:40 PST"]
[Termination "BeanScreen won by resignation"]

1. e4 c5 2. Nf3 d6 3. d4 cxd4 4. Nxd4 Nf6 5. Nc3 a6 6. Be3 e5 7. Nb3 Be6 8. h3 Be7 9. f4 Nc6 10. f5 Bxb3 11. axb3 Nb4 12. Bc4 Nxe4 13. Nxe4 d5 14. Bd3 Nxd3+ 15. Qxd3 dxe4 16. Qxe4 Bh4+ 17. Ke2 O-O 18. Rhd1 Qf6 19. Rd7 Bg5 20. Rad1 Bxe3 21. Kxe3 b5 22. R1d6 Qg5+ 23. Kf3 Qc1 24. Rxf7 Qf1+ 25.
Kg4 h5+ 26. Kg5 Rxf7 27. Qxa8+ Kh7 28. Qe4 Qc1+ 29. Kxh5 Qf4 30. Qxf4 exf4 31. Kg4 Re7 32. Rxa6 Re2 33. Rc6 Rf2 34. b4 Kg8 35. c3 Rxg2+ 36. Kxf4 Rxb2 37. Rc5 Rf2+ 38. Ke3 Rh2 39. Rxb5 Rxh3+ 40.
Kd4 Rh4+ 41. Ke5 Kf7 42. Rb7+ Kg8 43. Rc7 Rh1 44. b5 Rb1 45. c4 Kh7 46. Rc6 Re1+ 47. Kd6 Rd1+ 48. Kc7 Rf1 49. Rc5 Rxf5 50. Rxf5 1-0

[Event "*** Titled Tuesday Blitz"]
[Site "Chess.com"]
[Date "2020.02.04"]
[Round "5"]
[White "Mikhail_Golubev"]
[Black "MisiekZielony"]
[Result "0-1"]
[WhiteElo "2539"]
[BlackElo "2358"]
[TimeControl "180+2"]
[EndTime "14:06:40 PST"]
[Termination "MisiekZielony won by resignation"]

1. e4 Nf6 2. e5 Nd5 3. d4 d6 4.
Nf3 Bg4 5. Be2 e6 6. c4 Nb6 7. Nc3 Be7 8. O-O O-O 9. h3 Bh5 10. Be3 a6 11. exd6 cxd6 12. b4 Bxf3 13. Bxf3 Nxc4 14.
Bxb7 Ra7 15. Be4 d5 16. Bd3 Nxe3 17. fxe3 Bxb4 18. Ne2 Qg5 19. Nf4 Nd7 20. Qb1 Bd2 21. Bxh7+ Kh8 22. Qd3 Bxe3+ 23. Qxe3 Kxh7 24. Rf3 Nf6 25.
Raf1 Qh6 26. g4 Ne4 27. h4 g6 28. g5 Qg7 29. Nxe6 fxe6 30. Rxf8 Re7 31. Kg2 Nd6 32.
Qe5 Nf5 33. Qxg7+ Kxg7 34. Rf6 Ne3+ 35. Kg1 Nxf1 36. Kxf1 Rf7 37. Rxf7+ Kxf7 38. Kf2 e5 39. dxe5 Ke6 40. Kf3 Kxe5 41. Kg4 d4 42. h5 gxh5+ 43.
Kxh5 d3 44. g6 d2 45. g7 d1=Q+ 46. Kg6 Qg1+ 47. Kf7 Qf2+ 0-1

[Event "*** Titled Tuesday Blitz"]
[Site "Chess.com"]
[Date "2020.02.04"]
[Round "5"]
[White "Dynamikus"]
[Black "Volodar_Murzin"]
[Result "0-1"]
[WhiteElo "2768"]
[BlackElo "2645"]
[TimeControl "180+2"]
[EndTime "14:06:43 PST"]
[Termination "Volodar_Murzin won by resignation"]

1. Nf3 d5 2. c4 c6 3. e3 Nf6 4. Nc3 a6 5. d4 e6 6. b3 Bb4 7. Bd2 O-O 8. Bd3 Nbd7 9. O-O Qe7 10. Qc2 b6 11. Ne5 Bb7 12. Nxd7 Qxd7 13. Nxd5 exd5 14.
Bxb4 dxc4 15. bxc4 c5 16. Ba3 Rfd8 17. d5 Nxd5 18.
Bxh7+ Kh8 19. Bf5 Nb4 20. Bxb4 Qc6 21. f3 cxb4 22. Rad1 Qc5 23. Kf2 a5 24. Be4 Re8 25. Rd4 Bxe4 26. Rxe4 f5 27. Rd4 f4 28. Rxf4 Qxe3+ 29.
Kg3 Re6 30. Rd1 Rh6 31. Rd5 Qe1+ 32. Qf2 Rg6+ 33. Rg4 Rxg4+ 34. fxg4 Qc3+ 35. Qf3 Rc8 36. g5 Qxc4 37. g6 Qc3 38. Rd3 Qxd3 39. Qxd3 Rc3 40.
Qf3 a4 41. Kf2 Rxf3+ 42. gxf3 b3 0-1

[Event "*** Titled Tuesday Blitz"]
[Site "Chess.com"]
[Date "2020.02.04"]
[Round "5"]
[White "Region_07"]
[Black "maciek_92"]
[Result "1-0"]
[WhiteElo "2501"]
[BlackElo "2819"]
[TimeControl "180+2"]
[EndTime "14:06:47 PST"]
[Termination "Region_07 won by resignation"]

1. d4 f5 2. g4 d5 3. Bf4 Nc6 4. e3 fxg4 5. h3 Nf6 6. Bd3 gxh3 7. Nxh3 Bg4 8. f3 Bxh3 9. Rxh3 Qd7 10. Bg6+ hxg6 11.
Rxh8 O-O-O 12. Nc3 Nh5 13. Qd3 Qh3 14. O-O-O Nb4 15.
Qb5 Nc6 16. Na4 e6 17. Rxf8 Rxf8 18. Nc5 e5 19. Qxb7+ Kd8 20. dxe5 Nxf4 21. exf4 Ne7 22. Qb8+ Qc8 23. Ne6+ Ke8 24. Qxc8+ Nxc8 25. Nxf8 Kxf8 26.
Rxd5 Ke7 27. Ra5 Ke6 28. Rc5 Kd7 29. b4 Ne7 30. b5 Nf5 31. Rc6 Ne7 32. Rc4 Nf5 33.
a4 Nh4 34. Rc3 Ng2 35. Rc4 Nh4 36. Rc6 Kc8 37. a5 Kb7 38. a6+ Kc8 39. Kb2 Kd7 40. Kc3 Kc8 41. Kc4 Kd8 42. Kd5 Nf5 43. Rc3 Kd7 44. e6+ Kc8 45. Ke5 Kd8 46. Rd3+ Ke8 47. Rd7 Nd6 48. Rxd6 cxd6+ 49. Kxd6 1-0

[Event "*** Titled Tuesday Blitz"]
[Site "Chess.com"]
[Date "2020.02.04"]
[Round "5"]
[White "XiaoKangZhong"]
[Black "Witik"]
[Result "1-0"]
[WhiteElo "2363"]
[BlackElo "2584"]
[TimeControl "180+2"]
[EndTime "14:06:49 PST"]
[Termination "XiaoKangZhong won by resignation"]

1. e4 c6 2. Nc3 d6 3. Nf3 h6 4. d4 g5 5. Be2 Bg7 6. Be3 Nd7 7. Rc1 Nf8 8. O-O Ng6 9. b3 g4 10. Ne1 h5 11. Nb1 Nf6 12. Qd3 h4 13. c4 g3 14. f4 gxh2+ 15. Kxh2 h3 16. g3 Ng4+ 17. Bxg4 Bxg4 18. f5 Nf8 19. Rf4 Bh5 20.
g4 e5 21. fxe6 Nxe6 22. gxh5 Nxf4 23. Bxf4 Rxh5 24. Nc2 Qh4 25. Qg3 O-O-O 26. Qxh4 Rxh4 27. Bg5 Rxe4 28. Bxd8 Kxd8 29. Nc3 Rf4 30. Kg3 Rf6 31. Rh1 c5 32. dxc5 Rg6+ 33. Kxh3 Bxc3 34. Rd1 Be5 35. Nb4 Kd7 36. Rd5 Ke6 37. cxd6 Bxd6 38. Nc2 Rg3+ 39.
Kh4 Rg6 40. Nd4+ Kd7 41. Nf5 Kc6 42. Nd4+ Kc7 43. Nb5+ Kc6 44. Nxa7+ Kb6 45. Nc8+ Kc7 46. Nxd6 Rxd6 47. Rxd6 Kxd6 48. b4 Ke5 49. Kg3 Kd4 50. c5 Ke3 51. Kg4 Ke4 52. Kg3 Ke3 53. b5 f5 54. Kg2 Ke2 55. Kg3 Ke3 56. Kg2 Ke2 57. c6 bxc6 58. bxc6 f4 59. c7 f3+ 60. Kg3 f2 61. c8=Q f1=Q 62. Qa6+ Ke1 63. Qxf1+ Kxf1 64. a4 Ke2 65. a5 Kd3 66. a6 Kc4 67. a7 Kb5 68. a8=Q 1-0

[Event "*** Titled Tuesday Blitz"]
[Site "Chess.com"]
[Date "2020.02.04"]
[Round "5"]
[White "TigrVShlyape"]
[Black "Poghosyan_Suren"]
[Result "1-0"]
[WhiteElo "2836"]
[BlackElo "2667"]
[TimeControl "180+2"]
[EndTime "14:06:50 PST"]
[Termination "TigrVShlyape won by resignation"]

1. d4 Nf6 2. Nf3 c5 3. d5 e6 4. Nc3 exd5 5. Nxd5 Nxd5 6. Qxd5 Be7 7. e4 O-O 8. Bc4 d6 9. O-O Nd7 10. Bb3 Nf6 11.
Qd3 Bg4 12. Bf4 Qb6 13. Nd2 Qc6 14. a4 Be6 15. c4 Ng4 16. Bc2 Ne5 17. Qe2 Qa6 18. b3 Nc6 19. Rad1 Nd4 20. Qd3 f5 21. Bb1 Qc6 22. Be3 Bf6 23. Bxd4 Bxd4 24. Nf3 Be5 25. Nxe5 dxe5 26. exf5 Bxf5 27. Qd5+ Qxd5 28. Rxd5 Bxb1 29. Rxb1 b6 30. Re1 Rae8 31. Rexe5 Rxe5 32. Rxe5 Rd8 33. g3 Kf7 34. Kg2 Kf6 35. Re3 g5 36. g4 Rd4 37.
Kg3 Rd2 38. f3 Rb2 39. h4 h6 40. h5 Rd2 41. Re8 Rd3 42. Rg8 Rxb3 43. Rg6+ Kf7 44. Rxh6 Rb4 45. a5 bxa5 46. Ra6 a4 47. Rxa7+ Kf6 48.
Ra6+ Kf7 49. Ra7+ Kg8 50. f4 Rb3+ 51. Kf2 gxf4 52. Rxa4 Rg3 53. Ra5 Rxg4 54. Rxc5 Rg3 55. Rf5 Rc3 56. Rxf4 Kg7 57. Ke2 Kh6 58. Kd2 Rh3 59.
Rf5 Ra3 60. Kc2 Re3 61. Rd5 Ra3 62. c5 Kg7 63. c6 1-0

[Event "*** Titled Tuesday Blitz"]
[Site "Chess.com"]
[Date "2020.02.04"]
[Round "5"]
[White "olksuna"]
[Black "victormago"]
[Result "1-0"]
[WhiteElo "2581"]
[BlackElo "2418"]
[TimeControl "180+2"]
[EndTime "14:06:52 PST"]
[Termination "olksuna won by resignation"]

1. d4 Nf6 2. c4 c5 3. d5 e6 4. Nc3 exd5 5. cxd5 d6 6. e4 g6 7. f4 Bg7 8. Bb5+ Nfd7 9. a4 O-O 10.
Nf3 Na6 11. O-O Nb4 12. Re1 a6 13. Bf1 Nf6 14. h3 Re8 15. Qb3 b6 16. e5 dxe5 17.
fxe5 Nfxd5 18. Bg5 Ne7 19. Bc4 Rf8 20. Ne4 Qc7 21.
Nd6 Nf5 22. Rad1 Ra7 23. Nxf7 Rxf7 24. Rd8+ Bf8 25. Bxf7+ Qxf7 26. Qxf7+ Kxf7 27. Rxc8 Nc2 28. e6+ Kg7 29. Rd1 Ncd4 30. Nxd4 Nxd4 31. Re1 Be7 32.
Bxe7 Rxe7 33. Ra8 Nc2 34. Re4 Nb4 35. Rd8 Kf6 36. Rd6 b5 37. axb5 axb5 38. Rb6 Nd3 39.
Rxb5 Rxe6 40. Rxe6+ Kxe6 41. Rb7 h5 42. Kf1 Kd5 43.
Ke2 Nf4+ 44. Kf3 Nd3 45. Ke3 Ne5 46. Kf4 Kd4 47. Kg5 c4 48. g4 hxg4 49. hxg4 Kd3 50.
Rb5 Nf3+ 51. Kxg6 Nd2 52. g5 Kc2 53. Kf7 Nb3 54. g6 Kxb2 55. g7 c3 56. g8=Q c2 57. Kf8 c1=Q 58. Qxb3+ 1-0

[Event "*** Titled Tuesday Blitz"]
[Site "Chess.com"]
[Date "2020.02.04"]
[Round "5"]
[White "sergiochess83"]
[Black "Duhless"]
[Result "1/2-1/2"]
[WhiteElo "2943"]
[BlackElo "3057"]
[TimeControl "180+2"]
[EndTime "14:06:53 PST"]
[Termination "Game drawn by agreement"]

1. e4 c5 2. Nf3 Nc6 3. Bb5 g6 4. O-O Bg7 5. c3 Nf6 6. Re1 O-O 7. d4 d5 8. e5 Ne4 9. Bxc6 bxc6 10. Be3 cxd4 11.
cxd4 f6 12. exf6 exf6 13. Nbd2 Re8 14. h3 g5 15. Rc1 Bd7 16. Nb3 f5 17. Nc5 f4 18. Bd2 Bf5 19. Ne5 Qd6 20. Bb4 Qh6 21. f3 Nxc5 22. Bxc5 Re6 23. Qd2 Rae8 24. Ng4 Bxg4 25.
hxg4 a6 26. Rxe6 Qxe6 27. Qd3 Qe2 28. Qxe2 Rxe2 29. Rc3 Rxb2 30. Ra3 Rc2 31. Rxa6 Rc4 32. Kf1 Bxd4 33. Bxd4 Rxd4 34. Rxc6 Rd1+ 35. Ke2 Rg1 36.
Kf2 Rb1 37. Rd6 Rb2+ 38. Kf1 Rb5 39. Rd7 Ra5 40. a4 h6 41. Kf2 Kf8 42. g3 fxg3+ 43. Kxg3 Ke8 44. Rd6 Rxa4 45. Rxd5 Kf7 46. Rf5+ Kg7 47.
Rd5 1/2-1/2

[Event "*** Titled Tuesday Blitz"]
[Site "Chess.com"]
[Date "2020.02.04"]
[Round "5"]
[White "Vuk2000"]
[Black "David_Paravyan"]
[Result "0-1"]
[WhiteElo "2681"]
[BlackElo "2855"]
[TimeControl "180+2"]
[EndTime "14:06:54 PST"]
[Termination "David_Paravyan won by resignation"]

1. d4 Nf6 2. Bg5 c6 3. Bxf6 exf6 4. c4 Bb4+ 5. Nc3 Qa5 6. Qc2 c5 7. e3 Nc6 8. d5 Ne5 9. f4 Ng4 10. h3 Nxe3 11. Qe4+ Kd8 12. Qxe3 Re8 13. Qxe8+ Kxe8 14. Ne2 d6 15. g4 h5 16. O-O-O Bd7 17. a3 Bxc3 18.
Nxc3 a6 19. gxh5 b5 20. Rg1 Kf8 21. h6 gxh6 22. Bd3 f5 23. Rg3 b4 24. Nb1 Rb8 25. Rdg1 Ke7 26. axb4 cxb4 27. Rg7 Qc5 28. Nd2 Kf6 29.
R1g3 Qf2 30. b3 Re8 31. Kc2 Qxf4 32. Rg8 Rxg8 33. Rxg8 Qd4 34. Rg3 a5 35. Kd1 a4 36.
bxa4 b3 37. Rf3 Bxa4 38. Ke2 b2 39. Bxf5 Ke7 40. Re3+ Kf8 41. Rf3 Qg1 42. Rf4 Qh2+ 43. Ke3 Qg3+ 44. Rf3 Qe5+ 45. Kf2 Bd1 46. Be4 Bxf3 47. Kxf3 Qc3+ 48. Ke2 f5 49. Bxf5 Qe5+ 50. Be4 b1=Q 0-1

[Event "*** Titled Tuesday Blitz"]
[Site "Chess.com"]
[Date "2020.02.04"]
[Round "5"]
[White "LiemLe"]
[Black "Grandelicious"]
[Result "0-1"]
[WhiteElo "2958"]
[BlackElo "2712"]
[TimeControl "180+2"]
[EndTime "14:06:55 PST"]
[Termination "Grandelicious won by resignation"]

1. e4 c5 2. Nf3 e6 3. d4 cxd4 4. Nxd4 a6 5. c4 Nf6 6. Nc3 Qc7 7. Be2 Bb4 8. Qd3 b6 9. a3 Bxc3+ 10. Qxc3 Nxe4 11. Nb5 axb5 12. Qxg7 Rf8 13. Bh6 Qc5 14. f3 bxc4 15. fxe4 b5 16. Rf1 Nc6 17. Rd1 Ba6 18. Rxf7 Rxf7 19. Qg8+ Rf8 20. Bh5+ Kd8 21. Bxf8 Qe3+ 22.
Kf1 Kc7 23. Bd6+ Kb7 24. Qxh7 Rd8 25. Bg3 b4 26. Bf2 c3+ 27. Kg1 Qf4 28. Rxd7+ Rxd7 29.
Qxd7+ Qc7 30. Qxe6 cxb2 31. Qb3 Qe5 32. Bg3 Qxh5 33.
Qxb2 Qd1+ 34. Kf2 Qf1+ 35. Ke3 Qd3+ 36. Kf4 Qxa3 37. Qg7+ Kb6 38. Bf2+ Kb5 39. Qg5+ Ka4 40. Qd5 Bb5 41. h4 Qc3 42. Qa2+ Qa3 43. Qg8 Qc1+ 44.
Be3 Qf1+ 45. Kg3 b3 46. Qa8+ Kb4 47. Qh8 Qe1+ 48. Bf2 Qc3+ 49. Qxc3+ Kxc3 50. h5 b2 51. h6 Ne5 52. h7 Ng6 53. Kg4 b1=Q 54. Kf5 Be8 0-1

[Event "*** Titled Tuesday Blitz"]
[Site "Chess.com"]
[Date "2020.02.04"]
[Round "5"]
[White "amiralfio"]
[Black "czasnaszachy"]
[Result "1-0"]
[WhiteElo "2527"]
[BlackElo "2311"]
[TimeControl "180+2"]
[EndTime "14:06:55 PST"]
[Termination "amiralfio won by resignation"]

1. Nf3 Nf6 2. c4 c6 3. Nc3 d5 4. e3 a6 5. b3 b5 6. Bb2 Bg4 7. h3 Bh5 8. g4 Bg6 9. Ne5 Nfd7 10. Nxg6 hxg6 11. cxd5 cxd5 12. Nxd5 e6 13. Nc3 Nc6 14.
Bg2 Rc8 15. d4 Bd6 16. Ne4 Bb4+ 17. Ke2 O-O 18. Rc1 Nb6 19. Nc5 Nb8 20. Qd3 Nd5 21. a3 Ba5 22. b4 Bc7 23. Rhd1 Bd6 24. Nb7 Qe7 25. Nxd6 Qxd6 26. Rc5 Nd7 27. Rxc8 Rxc8 28. Rc1 Rxc1 29. Bxc1 N7b6 30. e4 Nf4+ 31. Bxf4 Qxf4 32. Qg3 Qxg3 33. fxg3 Nc4 34. d5 exd5 35. exd5 Kf8 36. Kd3 Nxa3 37. Kd4 Ke7 38. Kc5 Nc4 39. g5 Kd8 40.
Bf1 Ne3 41. Bd3 Nd1 42. Kb6 Nc3 43. Kxa6 Nxd5 44. Kxb5 Ke7 45. Kc5 Nxb4 46. Kxb4 Ke6 47. Kc3 Ke5 48. Kd2 f6 49. gxf6 Kxf6 50. Ke3 g5 51. Ke4 g6 52. Kd5 g4 53. hxg4 Kg5 54.
Be2 Kf6 55. Ke4 g5 56. Kd5 1-0

[Event "*** Titled Tuesday Blitz"]
[Site "Chess.com"]
[Date "2020.02.04"]
[Round "5"]
[White "2nd_life"]
[Black "temus_galaktionov"]
[Result "0-1"]
[WhiteElo "2481"]
[BlackElo "2698"]
[TimeControl "180+2"]
[EndTime "14:06:58 PST"]
[Termination "temus_galaktionov won on time"]

1. e4 c6 2. d4 g6 3. Nf3 Bg7 4. Nc3 d6 5. h3 Nd7 6. Bc4 e5 7. dxe5 dxe5 8. Ng5 Nh6 9. h4 b5 10. Bb3 Qe7 11. a4 b4 12. Nb1 Nc5 13. Bc4 f6 14. Nf3 Nxe4 15. Qe2 Nd6 16. Bb3 a5 17. Nbd2 Nhf5 18.
Nc4 Ba6 19. g4 Nh6 20. g5 Nhf5 21. gxf6 Bxf6 22. Be3 e4 23. O-O-O Bxc4 24. Bxc4 Nxe3 25. fxe3 exf3 26. Qxf3 Rc8 27. Bb3 Rf8 28. Qg4 Rc7 29.
Rd3 Be5 30. Rhd1 c5 31. Bd5 Rf2 32. R3d2 Rxd2 33. Rxd2 Qf6 34. b3 Qf5 35. Qe2 Ke7 36. Kb1 Rc8 37. Rd1 Rf8 38. Qa6 Qg4 39. Qa7+ Qd7 40.
Qxc5 Rc8 41. Bc6 Qe6 42. Qa7+ Kf8 43. Bd5 Qe7 44. Qxa5 Qc7 45. Rf1+ Kg7 46. Bc4 Qxa5 0-1

[Event "*** Titled Tuesday Blitz"]
[Site "Chess.com"]
[Date "2020.02.04"]
[Round "5"]
[White "Philosopherrr"]
[Black "Gusarov91"]
[Result "1-0"]
[WhiteElo "2460"]
[BlackElo "2608"]
[TimeControl "180+2"]
[EndTime "14:06:59 PST"]
[Termination "Philosopherrr won by resignation"]

1. e4 c5 2. Nf3 d6 3. Bb5+ Bd7 4. Bd3 Nc6 5. c3 Bg4 6. h3 Bxf3 7. Qxf3 Nf6 8. Qe2 g6 9. O-O Bg7 10. Bb5 O-O 11. d3 Qc7 12. Nd2 a6 13. Ba4 b5 14.
Bc2 b4 15. Nf3 Nd7 16. Bd2 a5 17. Rfc1 Nde5 18. Nxe5 Bxe5 19. d4 cxd4 20. cxb4 Nxb4 21. Bb3 Qb6 22. Bh6 Bg7 23. Bg5 e6 24. Qc4 a4 25.
Bd1 d5 26. exd5 Nxd5 27. Rab1 Qa6 28. Bd2 Qa7 29. Bf3 Rfd8 30. Bg5 f6 31. Bd2 Kh8 32.
Re1 Rac8 33. Qb5 Rc5 34. Qd3 e5 35. Rbc1 Rxc1 36. Rxc1 Qd7 37. Rc5 Ne7 38. Qc4 Qd6 39. Bb4 d3 40. Rd5 Nxd5 41. Bxd6 Nf4 42. g3 Ne2+ 43. Kg2 Nd4 44. Be7 Re8 45. Qf7 Rg8 46.
Bd5 Rb8 47. Bxf6 Nf5 48. g4 Bxf6 49. Qxf6+ Ng7 50. Qxe5 Rd8 51. Bf3 d2 52. Bd1 Re8 53.
Qd4 Kg8 54. Qxd2 Ne6 55. Bxa4 Re7 56. Bb3 Kg7 57. Bxe6 Rxe6 58. Qc3+ 1-0

[Event "*** Titled Tuesday Blitz"]
[Site "Chess.com"]
[Date "2020.02.04"]
[Round "5"]
[White "ural58"]
[Black "Astaneh"]
[Result "1-0"]
[WhiteElo "2365"]
[BlackElo "2524"]
[TimeControl "180+2"]
[EndTime "14:07:00 PST"]
[Termination "ural58 won by resignation"]

1. e4 c5 2. b3 Nc6 3. Bb2 e5 4. f4 d6 5. Qf3 Nd4 6. Qd3 f5 7. Nc3 Nf6 8. fxe5 dxe5 9. O-O-O a6 10. Qg3 f4 11. Qg5 Qd6 12. Nf3 Bg4 13. Qxe5+ Qxe5 14.
Nxe5 Bxd1 15. Kxd1 Rd8 16. Nf3 Ng4 17. Rg1 Ne3+ 18.
Kc1 Nexc2 19. Bc4 b5 20. Bd5 Nb4 21. Kd1 g6 22. Nxd4 cxd4 23. Ne2 Nxd5 24. exd5 Bg7 25. Nxf4 Kf7 26. Rf1 Kg8 27. Ke2 d3+ 28. Nxd3 Bxb2 29. Nxb2 Rxd5 30. Nd3 Kg7 31. Nf4 Re8+ 32. Kd1 Rf5 33.
g4 Rf7 34. Rf2 Ref8 35. Ne6+ Kg8 36. Re2 Rf1+ 37. Kc2 Re8 38. d4 Rf7 39. d5 Rd7 40. Re5 Rf7 41. Kc3 Rc8+ 42. Kb4 Rd7 43. Ka5 Rd6 44. h4 h6 45. g5 hxg5 46. Nxg5 Rcd8 47. Ne4 Kf7 48. Nxd6+ Rxd6 49. Rg5 Kf6 50. a3 Ke7 51. Re5+ Kf6 52. Re6+ Rxe6 53. dxe6 Kxe6 54. Kxa6 1-0

[Event "*** Titled Tuesday Blitz"]
[Site "Chess.com"]
[Date "2020.02.04"]
[Round "5"]
[White "PowerThinking2650"]
[Black "Keaton87"]
[Result "1-0"]
[WhiteElo "2408"]
[BlackElo "2547"]
[TimeControl "180+2"]
[EndTime "14:07:02 PST"]
[Termination "PowerThinking2650 won by resignation"]

1. e4 c5 2. Nf3 d6 3. Nc3 Nf6 4.
g3 g6 5. Bg2 Bg7 6. O-O O-O 7.
d3 Nc6 8. h3 Rb8 9. a4 Nb4 10.
Be3 a6 11. Qd2 b5 12. axb5 axb5 13. Rac1 Qc7 14. Bh6 d5 15. Bxg7 Kxg7 16. e5 Nd7 17.
Rce1 Nb6 18. Nxb5 Qd7 19. Nc3 Bb7 20. e6 fxe6 21. Ng5 Rf6 22. h4 h6 23. Nf3 Nc6 24. Nh2 h5 25. f4 Nd4 26. Ne2 Nf5 27. Nf3 Qc7 28. c3 d4 29. cxd4 cxd4 30. Nexd4 Nxg3 31. Nxe6+ Rxe6 32. Rxe6 Nxf1 33. Kxf1 Nd5 34. Ng5 Rf8 35. Kg1 Nxf4 36. Bxb7 Qxb7 37. Re4 Nd5 38. Ne6+ Kg8 39. Nxf8 Kxf8 40. Qh6+ Kf7 41. Qh7+ Kf6 42.
Qh8+ Kf7 43. Qe5 Qd7 44. Rd4 e6 45. b4 Qa4 46. Rxd5 Qd1+ 47. Kf2 Qd2+ 48. Qe2 Qxe2+ 49.
Kxe2 exd5 50. Ke3 Ke6 51. Kf4 Kd6 52. Kg5 1-0

[Event "*** Titled Tuesday Blitz"]
[Site "Chess.com"]
[Date "2020.02.04"]
[Round "5"]
[White "OparinGrigoriy"]
[Black "rasmussvane"]
[Result "1/2-1/2"]
[WhiteElo "3037"]
[BlackElo "2884"]
[TimeControl "180+2"]
[EndTime "14:07:03 PST"]
[Termination "Game drawn by repetition"]

1. Nf3 d5 2. g3 g6 3. Bg2 Bg7 4. O-O e5 5. d3 Ne7 6. c4 c6 7. e4 O-O 8. b4 Na6 9. a3 Nc7 10. Bb2 f6 11. Nbd2 Be6 12. Qc2 Qd7 13. d4 exd4 14.
Nxd4 dxc4 15. Nxe6 Qxe6 16. Nxc4 Rad8 17. Rad1 Nc8 18.
Na5 Nd6 19. f4 Na8 20. e5 fxe5 21. fxe5 Rxf1+ 22. Rxf1 Bxe5 23. Bc1 Nb6 24. Kh1 Nbc4 25. Nb3 Rf8 26. Re1 Qf5 27. Qd1 Bg7 28. Nc5 Qf7 29. Qc2 Re8 30. Rf1 Qe7 31. Qb3 Kh8 32. Bf4 b6 33. Ne4 Nxe4 34. Qxc4 c5 35. h4 Bd4 36. Kh2 Nf6 37. bxc5 bxc5 38. Bf3 Qe6 39. Qxe6 Rxe6 40. Rb1 Re7 41. Bh6 Kg8 42. g4 Kf7 43. Kg2 Ke6 44. Bd2 Kd6 45. Bf4+ Be5 46. Bg5 Rf7 47.
Rd1+ Kc7 48. Re1 Kd6 49. Rd1+ Kc7 50. Re1 Kd6 51. Rd1+ 1/2-1/2

[Event "*** Titled Tuesday Blitz"]
[Site "Chess.com"]
[Date "2020.02.04"]
[Round "5"]
[White "kasparicy"]
[Black "FrogMist"]
[Result "0-1"]
[WhiteElo "2253"]
[BlackElo "2398"]
[TimeControl "180+2"]
[EndTime "14:07:03 PST"]
[Termination "FrogMist won on time"]

1. e4 e5 2. Nf3 Nc6 3. Bc4 Bc5 4. O-O Nf6 5. d4 Bxd4 6. Nxd4 Nxd4 7. f4 d6 8. fxe5 dxe5 9. Bg5 Qe7 10. c3 Nc6 11. Nd2 Be6 12. Bxf6 gxf6 13. Bxe6 Qxe6 14. Qf3 O-O-O 15.
Rf2 Rhg8 16. Nf1 Rg6 17. Ne3 Ne7 18. Nf5 Rdg8 19. g3 a6 20. Rd1 Rd8 21. Rfd2 Rxd2 22. Rxd2 Rg8 23. Nxe7+ Qxe7 24. Qf5+ Kb8 25. Qxh7 Qc5+ 26.
Kg2 Rg4 27. Qxf7 Qe3 28. Qd5 Rxe4 29. Rf2 Qe1 30. Qd8+ Ka7 31. Qxc7 f5 32. Qc5+ Kb8 33. Qf8+ Ka7 34. Qxf5 Re3 35. h4 Qd1 36. c4 Re1 37. Rf1 Re2+ 38. Kh3 Qd2 39. Kg4 Qd4+ 40. Kh5 e4 41. g4 e3 42. g5 Rh2 43. Qf4 Qd2 44.
g6 Qe2+ 45. Kg5 Rg2+ 0-1